 Dungeon Crawl Stone Soup version 0.29-a0-370-gb5314be063 (webtiles) character file.

Game seed: 2486082210731059667

149 Gargoyl the Skirmisher (level 5, 0/34 HPs)
             Began as a Gargoyle Abyssal Knight on May 2, 2022.
             Was a Believer of Lugonu.
             Killed from afar by an orc wizard (3 damage)
             ... with a puff of flame
             ... on level 3 of the Dungeon.
             The game lasted 00:02:44 (2890 turns).

Gargoyl the Skirmisher (Gargoyle Abyssal Knight)    Turns: 2890, Time: 00:02:45

Health: 0/34       AC: 10    Str: 17    XL:     5   Next: 31%
Magic:  6/6        EV:  9    Int: 10    God:    Lugonu [**....]
Gold:   105        SH:  0    Dex: 12    Spells: 4/4 levels left

rFire   . . .      SeeInvis .   a - +1 hand axe
rCold   . . .      Faith    .   (no shield)
rNeg    + . .      Spirit   .   c - +0 scale mail
rPois   ∞          Reflect  .   (no helmet)
rElec   +          Harm     .   (no cloak)
rCorr   .          Rampage  .   (no gloves)
Will    .....      Rage     1%  (no boots)
Stlth   ..........              (no amulet)
HPRegen 0.11/turn               (no ring)
MPRegen 0.10/turn               (no ring)

@: no status effects
A: sickness immunity, AC +4, negative energy resistance 1, electricity
resistance, torment resistance 1, petrification resistance, berserk 1, mutation
resistance 1, wild magic 1
a: Renounce Religion, Depart the Abyss, Bend Space


You were on level 3 of the Dungeon.
You worshipped Lugonu.
Lugonu was pleased with you.
You visited 1 branch of the dungeon, and saw 3 of its levels.
You visited the Abyss 1 time.

You collected 105 gold pieces.

Inventory:

Hand Weapons
 a - a +1 hand axe (weapon)
Missiles
 h - 2 poisoned darts (quivered)
Armour
 c - a +0 scale mail (worn)
Scrolls
 b - a scroll of identify
 f - a scroll of teleportation
Potions
 d - 2 potions of heal wounds {unknown}
 e - a potion of brilliance {unknown}
 g - a potion of curing {unknown}
 i - a potion of attraction {unknown}
 j - a potion of resistance {unknown}


   Skills:
 + Level 4.7 Fighting
 + Level 3.2 Axes
 + Level 3.0 Armour
 + Level 1.0 Dodging
 + Level 0.4 Stealth
 + Level 2.0 Invocations


You had 4 spell levels left.
You didn't know any spells.
Your spell library contained the following spells:

 Spells                   Type           Power      Damage    Failure   Level
 Stone Arrow              Conj/Erth      0%         3d7       99%         3
 Freezing Cloud           Conj/Ice/Air   0%         6-21      100%        5
 Irradiate                Conj/Tmut      0%         3d13      100%        5


Dungeon Overview and Level Annotations

Branches:
Dungeon (3/15)

Altars:


Innate Abilities, Weirdness & Mutations

You are immune to sickness and miasma.
Your stone body is resilient. (AC +4)
You are immune to poison.
You resist negative energy. (rN+)
You are resistant to electric shocks. (rElec)
You are resistant to unholy torment.
You are immune to petrification.
You tend to lose your temper in combat.
You are somewhat resistant to further mutation.
Your spells are a little harder to cast, but a little more powerful.


Message History

You hear a splash.
You hear a splashing noise.
Throw: 5 darts (poison)
Press: ? - help, Q - select action, (/) - cycle Shift-Dir - straight line, f/p - orc priest
Aim: an orc priest, wielding a +0 dagger (poisoned, 59% to hit)
You throw a poisoned dart. The poisoned dart hits the orc priest.
The orc priest looks even sicker.
You hear a splash.
Something hits you but does no damage.
Throw: 4 darts (poison)
Press: ? - help, Q - select action, (/) - cycle Shift-Dir - straight line, f/p - orc priest
Aim: an orc priest, wielding a +0 dagger (very poisoned, 59% to hit)
You throw a poisoned dart. The poisoned dart hits the orc priest.
The orc priest looks even sicker.
You hear a splash.
Something hits you but does no damage.
Throw: 3 darts (poison)
Press: ? - help, Q - select action, (/) - cycle Shift-Dir - straight line, f/p - orc priest
Aim: an orc priest, wielding a +0 dagger (lightly wounded, very poisoned, 59% to hit)
You throw a poisoned dart.
You hear a splash.
Something hits you.
You hear some strange, mumbled words.
Something tries to affect you, but you resist.
The orc priest mumbles some strange prayers to Beogh against you.
A quokka comes into view.
Something hits you. Something hits you.
The orc priest looks braver for a moment.
The orc priest mumbles some strange prayers to Beogh against you.
Pain shoots through your body!
* * * LOW HITPOINT WARNING * * *
Something hits you but does no damage.
The orc priest mumbles some strange prayers to Beogh against you.
Pain shoots through your body!
* * * LOW HITPOINT WARNING * * *
You hear some strange, mumbled words.
A puff of flame appears from out of thin air!
The puff of flame hits you.
You die...

,*,*,,,*,,****,≈≈,,≈≈,≈≈** #.##)
*,*,*,*,*,,*,,*≈,≈≈≈≈≈≈≈,* #.##.
,*,,,*,,,*,*,****######.,* #.##.
*,*,*,*,*,,+,* ##≈≈≈≈≈≈.,* #.##.
,*,*,*,*,,,+,*##≈r≈....≈** #.##.
*,*,*,*,*,,+,*#..≈≈≈≈≈≈#* ##.##.
,*,,,*,,,*,*,,#{.###########.....
*,*,*,*,*,,*,,#..≈≈≈≈≈≈.≈#......#
,*,*,,,*,,**,,##@o(((≈≈.≈≈......#
*,*,*,*,,**,,**########.≈.......#
,*,,,*,,**,,,* **,,* #...........
*,*,*,,**,,*,***,*,**#...........
,,,*,,**,,,*,**,***.##...........
,,,,,**,,,,*,,,****#............#
+++*******,,,,,,*,*...........>.#
,,,* *,*****,,,..#.........##
,*** *,* **,,#*##.##..##.#


You could see an orc priest (very poisoned) and a quokka.

Vanquished Creatures
  An orc priest (D:2)
  Jessica (D:3)
  An orc wizard (D:2)
  A gnoll (D:1)
  An adder (D:2)
  4 orcs (D:3)
  5 endoplasms
  4 giant cockroaches
  5 hobgoblins
  3 kobolds (D:1)
  4 quokkas (D:3)
  2 ball pythons (D:3)
  4 bats
  A frilled lizard (D:2)
  4 goblins
  3 rats
44 creatures vanquished.

Vanquished Creatures (others)
  2 fungi
2 creatures vanquished.

Grand Total: 46 creatures vanquished

Notes
Turn   | Place    | Note
-------+----------+-------------------------------------------
     0 | Abyss:1  | Gargoyl the Gargoyle Abyssal Knight began the quest for the
                  | Orb.
     0 | Abyss:1  | Reached XP level 1. HP: 14/14 MP: 2/2
    70 | Abyss:1  | Noticed a large abomination
    72 | D:1      | Escaped the Abyss
   267 | D:1      | Reached ** piety under Lugonu
   268 | D:1      | Reached XP level 2. HP: 9/20 MP: 3/3
   274 | D:1      | Reached skill level 4 in Fighting
   803 | D:1      | Reached XP level 3. HP: 21/24 MP: 4/4
  1125 | D:2      | Got the Compendium of Clay and Combat Magic
  1134 | D:2      | Found a faded altar of an unknown god.
  1166 | D:2      | Gained mutation: You tend to lose your temper in combat.
                  | [potion of mutation]
  1166 | D:2      | Gained mutation: Your spells are a little harder to cast,
                  | but a little more powerful. [potion of mutation]
  1166 | D:2      | Gained mutation: You are somewhat resistant to further
                  | mutation. [potion of mutation]
  2053 | D:2      | Reached XP level 4. HP: 10/30 MP: 5/5
  2661 | D:3      | Reached skill level 1 in Dodging
  2794 | D:3      | Noticed Jessica
  2804 | D:3      | Reached XP level 5. HP: 31/34 MP: 6/6
  2808 | D:3      | Killed Jessica
  2890 | D:3      | Killed from afar by an orc wizard

Illustrated notes

Levels and vault maps discovered:
D:1:      dpeg_arrival_tiny_c, layout_loops_cross
D:2:      layout_loops_ring, shapermc_ecumenical_altar_acropolis
D:3:      layout_loops_ring, gup_sewer_entry_pipe, chequers_jeans,
          kennysheep_cluttered_room, uniq_terence, uniq_jessica

Skill      XL: |  1  2  3  4  5 |
---------------+----------------+-----
Axes           | 2 3 |  3.2
Fighting       | 4 |  4.7
Dodging        | 1 |  1.0
Armour         | 3 |  3.0
Stealth        | |  0.4
Invocations    | |  2.0

Action                   |  1- 3 |  4- 6 || total
-------------------------+-------+-------++-------
Melee: Hand axe          |    81 |    75 ||   156
       Punch             |     2 |       ||     2
Throw: Dart              |       |     4 ||     4
Invok: Depart the Abyss  |     1 |       ||     1
  Use: Scroll            |     5 |       ||     5
       Potion            |     1 |       ||     1
Armor: Scale mail        |    51 |    40 ||    91
Dodge: Dodged            |    45 |    33 ||    78

Table legend: (Time is in decaauts)
 A = Elapsed time spent in this place.
 B = Non-inter-level travel time spent in this place.
 C = Inter-level travel time spent in this place.
 D = Time resting spent in this place.
 E = Time spent auto-exploring this place.
 F = Levels seen in this place.
 G = Mean time per level.
                   A        B        C        D        E       F      G
               +--------+--------+--------+--------+--------+-----+--------+
         Total |   2935 |   2882 |     53 |    717 |   1635 |   4 |  733.8 |
       Dungeon |   2863 |   2810 |     53 |    717 |   1566 |   3 |  954.3 |
         Abyss |     72 |     72 |      0 |      0 |     69 |   1 |   72.0 |
               +--------+--------+--------+--------+--------+-----+--------+

Top non-repeatable levels by time:
     D:2: 1488 daAuts
     D:1: 1046 daAuts
     D:3: 328 daAuts
 Abyss:1: 72 daAuts
